 Dungeon Crawl Stone Soup version 0.29.0-15-g675c0067aa (webtiles) character file.

Game seed: 13155859155975800396

29 qw the Sneak (level 3, -3/23 HPs)
             Began as a Gargoyle Delver on Sept 11, 2022.
             Killed by nerve-wracking pain
             ... invoked by an orc priest
              (6 damage)
             ... on level 5 of the Dungeon.
             The game lasted 00:00:05 (304 turns).

qw the Sneak (Gargoyle Delver)                       Turns: 304, Time: 00:00:05

Health: -3/23      AC:  6    Str: 17    XL:     3   Next: 16%
Magic:  3/3        EV: 11    Int: 10    God:
Gold:   0          SH:  0    Dex: 11    Spells: 2/2 levels left

rFire   . . .      SeeInvis .   a - +0 hand axe
rCold   . . .      Faith    .   (no shield)
rNeg    + . .      Spirit   .   b - +0 leather armour
rPois   inf        Reflect  .   (no helmet)
rElec   +          Harm     .   (no cloak)
rCorr   .          Rampage  .   (no gloves)
Will    .....                   (no boots)
Stlth   +++.......              (no amulet)
HPRegen 0.07/turn               (no ring)
MPRegen 0.08/turn               (no ring)

@: no status effects
A: sickness immunity, AC +3, negative energy resistance 1, electricity
resistance, torment resistance 1, petrification resistance
a: no special abilities


You were on level 5 of the Dungeon.
You visited 1 branch of the dungeon, and saw 1 of its levels.


Innate Abilities, Weirdness & Mutations

You are immune to sickness and miasma.
Your stone body is resilient. (AC +3)
You are immune to poison.
You resist negative energy. (rN+)
You are resistant to electric shocks. (rElec)
You are resistant to unholy torment.
You are immune to petrification.


   Skills:
 - Level 3.2 Fighting
 + Level 3.2 Axes
 - Level 1.5 Dodging
 - Level 5.4 Stealth


You had 2 spell levels left.
You didn't know any spells.
Your spell library was empty.

Inventory:

Hand Weapons
 a - a +0 hand axe (weapon)
Armour
 b - a +0 leather armour (worn)
Wands
 g - a wand of digging (3)
Potions
 f - a potion of haste
 h - a potion of flight {unknown}

Dungeon Overview and Level Annotations

Branches:
Dungeon (5/15)
 Temple: D:4-7

Altars:


Message History

Your experience leads to an increase in your attributes!
Increase (S)trength, (I)ntelligence, or (D)exterity?
You feel stronger. x2
You start resting.
An orc comes into view. It is wielding a +0 mace.
234 ||| Stepping ~*~*~tactically~*~*~ (stealth).
235 ||| Stepping ~*~*~tactically~*~*~ (stealth).
You start resting.
An orc is nearby!
An orc comes into view. It is wielding a +0 hand axe.
246 ||| Stepping ~*~*~tactically~*~*~ (stealth).
An orc priest comes into view. It is wielding a +0 club.
247 ||| Stepping ~*~*~tactically~*~*~ (stealth).
248 ||| Stepping ~*~*~tactically~*~*~ (stealth).
You start resting.
An orc is nearby!
282 ||| Stepping ~*~*~tactically~*~*~ (stealth).
You start resting.
An orc priest is nearby!
The orc priest shouts!
The orc shouts!
You hear a shout!
You hear an angry hiss.
The orc priest mumbles some strange prayers to Beogh against you.
Beogh smites you!
Ouch! That really hurt!
An iguana comes into view.
You hit the orc.
The orc is lightly wounded.
The orc hits you but does no damage.
You hit the orc.
The orc is heavily wounded.
The orc priest calls upon Beogh to heal the orc.
The orc's wounds heal themselves!
The orc closely misses you.
You hit the orc.
The orc is heavily wounded.
The orc closely misses you. The orc priest hits you with a +0 club.
You hit the orc priest.
The orc priest is moderately wounded.
You hit the orc.
The orc priest calls down the wrath of Beogh upon you.
Pain shoots through your body!
You die...

.#.. ..# #
## #.... ...
...
....##.#.#.
# ...<.....
.#.
#l.#.#.#....
#.#..#o.....
#.#...oo.#
#.#...@#
#.##.#....#
#....#....#
#(?.#.#
##...#.#
##....#.#
#..#..#.#
#.#####.#
#.# #.#


You could see an iguana, an orc priest and 2 orcs.

Vanquished Creatures
  A hound (D:5)
1 creature vanquished.

Notes
Turn   | Place    | Note
-------+----------+-------------------------------------------
     0 | D:5      | qw the Gargoyle Delver began the quest for the Orb.
     0 | D:5      | Reached XP level 1. HP: 14/14 MP: 1/1
     0 | D:5      | 0 ||| qw: Version: 0.1-a-117-gfe26ee0
     0 | D:5      | 0 ||| qw: Game counter: 10054
     0 | D:5      | 0 ||| qw: Always use a shield: true
     0 | D:5      | 0 ||| qw: God list: Okawaru
     0 | D:5      | 0 ||| qw: Allow faded altars: false
     0 | D:5      | 0 ||| qw: Do Orc after D:15 true
     0 | D:5      | 0 ||| qw: Do second Lair branch before Depths: true
     0 | D:5      | 0 ||| qw: Lair rune preference: random
     0 | D:5      | 0 ||| qw: Plans: Normal
     0 | D:5      | 0 ||| PLANNING D:1-11
    35 | D:5      | 35 ||| DROPPING scroll of fog.
    36 | D:5      | 36 ||| DROPPING scroll of magic mapping.
    37 | D:5      | 37 ||| DROPPING scroll of fear.
    38 | D:5      | Noticed a hound
    56 | D:5      | HP: 3/14 [hound (1)]
    57 | D:5      | HP: 1/14 [hound (2)]
    61 | D:5      | Killed a hound
    62 | D:5      | Reached skill level 3 in Axes
    62 | D:5      | Reached XP level 2. HP: 2/19 MP: 2/2
    62 | D:5      | Reached XP level 3. HP: 2/23 MP: 3/3
   234 | D:5      | 234 ||| Stepping ~*~*~tactically~*~*~ (stealth).
   235 | D:5      | 235 ||| Stepping ~*~*~tactically~*~*~ (stealth).
   246 | D:5      | 246 ||| Stepping ~*~*~tactically~*~*~ (stealth).
   247 | D:5      | 247 ||| Stepping ~*~*~tactically~*~*~ (stealth).
   248 | D:5      | 248 ||| Stepping ~*~*~tactically~*~*~ (stealth).
   282 | D:5      | 282 ||| Stepping ~*~*~tactically~*~*~ (stealth).
   300 | D:5      | HP: 4/23 [orc priest/divine providence (15)]
   304 | D:5      | Killed from afar by an orc priest

Levels and vault maps discovered:
D:5:      layout_basic, serial_shops, nicolae_shop_trees

Skill      XL: |  1 |
---------------+----+-----
Axes           | 3 |  3.2
Fighting       | |  3.2
Dodging        | |  1.5
Stealth        | |  5.4

Action                   || total
-------------------------++-------
Melee: Hand axe          ||    17
       Punch             ||     1
Armor: Leather armour    ||    11
Dodge: Dodged            ||     9

Table legend:
 A = Non-vault XP
 B = Vault XP
 C = Vault XP percentage of total XP
 D = Non-vault monster count
 E = Vault monster count
 F = Vault count percentage of total count
                 A         B        C        D         E       F
            +---------+---------+-------+---------+---------+-------
      Total |      42 |       0 |   0.0 |       1 |       0 |   0.0
            +---------+---------+-------+---------+---------+-------
        D:5 |      42 |       0 |   0.0 |       1 |       0 |   0.0
            +---------+---------+-------+---------+---------+-------
